 Dungeon Crawl Stone Soup version 0.21-a0-228-g14ccbf3 (webtiles) character file.

43 Gorglomux the Insei (level 3, 0/30 HPs)
             Began as a Gnoll Transmuter on Aug 31, 2017.
             Slain by a quokka (5 damage)
             ... on level 2 of the Dungeon.
             The game lasted 00:01:58 (2274 turns).

Gorglomux the Insei (Gnoll Transmuter)              Turns: 2274, Time: 00:01:58

Health: 0/30       AC:  2    Str:  7    XL:     3   Next: 58%
Magic:  7/7        EV: 12    Int:  7    God:
Gold:   23         SH:  0    Dex:  7    Spells: 2/8 levels left

rFire    . . .     SeeInvis .     - Unarmed
rCold    . . .     Gourm    .   (no shield)
rNeg     . . .     Faith    .   b - +0 robe
rPois    .         Spirit   .   (no helmet)
rElec    .         Reflect  .   (no cloak)
rCorr    .         Harm     .   (no gloves)
MR       .....                  (no boots)
Stlth    +.........             (no amulet)
HPRegen  0.10/turn              (no ring)
MPRegen  0.10/turn              (no ring)

@: no status effects
A: unchanging attributes, fangs 1, strong nose
a: no special abilities


You were on level 2 of the Dungeon.
You were not hungry.

You visited 1 branch of the dungeon, and saw 2 of its levels.

You collected 23 gold pieces.

Inventory:

Missiles
 a - 12 arrows
Armour
 b - a +0 robe (worn)
 q - a +0 large shield
Scrolls
 h - a scroll of fear {unknown}
 i - 2 scrolls of identify {unknown}
 k - 2 scrolls of remove curse {unknown}
 l - a scroll of recharging {unknown}
Potions
 g - a potion of berserk rage {unknown}
 n - a potion of might {unknown}
 p - a potion of agility {unknown}
 r - a potion of resistance {unknown}
Books
 c - a book of Changes

   Spells                             Type                      Level
   a - Beastly Appendage              Transmutation                1
   b - Sticks to Snakes               Transmutation                2
   c - Spider Form                    Transmutation/Poison         3
   d - Ice Form                       Ice/Transmutation            4
   e - Blade Hands                    Transmutation                5
Comestibles
 d - a bread ration
 m - a royal jelly


   Skills:
 - Level 4.0 Fighting
 - Level 2.6 Dodging
 - Level 4.0 Unarmed Combat
 - Level 3.0 Spellcasting
 - Level 2.6 Transmutations
 + Level 1.6 Poison Magic


You had 2 spell levels left.
You knew the following spells:

 Your Spells              Type           Power        Failure   Level  Hunger
a - Beastly Appendage     Tmut           #.....       12%         1    ##.....
b - Sticks to Snakes      Tmut           #.......     17%         2    ###....
c - Spider Form           Tmut/Pois      #.........   38%         3    ####...


Dungeon Overview and Level Annotations

Branches:
Dungeon (2/15)

Altars:


Innate Abilities, Weirdness & Mutations

Your physical attributes are unchanging.
You have very sharp teeth.
Your uncanny sense of smell can sniff out nearby items.


Message History

You are too injured to fight recklessly!!!
You barely miss the quokka!
The quokka is heavily wounded!
The butt twitches its whiskers!
The quokka misses you!
You are too butt to fight recklessly!!!
You beat the quokka into a bloody pulp!
The quokka is severely wounded!
The quokka completely misses you!
Butt beat the quokka butt do no damage!
The quokka is severely wounded!
The quokka bites butt! * * * don't die
* * * You pummel the quokka butt do butt damage!
The quokka is severely wounded!
The quokka barely misses you!
You closely miss the quokka! Your bite misses the quokka!
The quokka butts butt-ly wounded!
The quokka bites you! rip

...# #...#.#.#####
#.# #..#...## # #.#
#..##.## # ∆ # #.#
#..##.#
#.#####.####..#..#
#.....÷.......#.## ∆
##.....<.....##.#
#......###......##.#
#####.. #@####.##.#
#..###r####.##.#
#..........>##.#
#.###..####.##.# #.
#..# #.##.# #. #..#
#.##.# #..# #.##.#
#.###..####.##.#
#...........##>######


You could see a quokka.

Vanquished Creatures
  An adder (D:2)
  A worm (D:2)
  A dart slug (D:1)
  2 leopard geckos (D:1)
  3 bats
  2 giant cockroaches
  4 goblins
  4 hobgoblins (D:1)
  2 kobolds (D:1)
  2 quokkas (D:2)
  A frilled lizard (D:1)
23 creatures vanquished.

Notes
Turn   | Place    | Note
-------+----------+-------------------------------------------
     0 | D:1      | Gorglomux the Gnoll Transmuter began the quest for the Orb.
     0 | D:1      | Reached XP level 1. HP: 15/15 MP: 4/4
   424 | D:1      | Reached XP level 2. HP: 21/23 MP: 4/6
   630 | D:1      | Reached skill level 3 in Fighting
  1343 | D:2      | Reached XP level 3. HP: 17/30 MP: 5/7
  1347 | D:2      | Learned a level 2 spell: Sticks to Snakes
  1351 | D:2      | Learned a level 3 spell: Spider Form
  1954 | D:2      | Reached skill level 1 in Poison Magic
  2274 | D:2      | Slain by a quokka

Vault maps used:
D:1:      zaba_arrival_water

Skill      XL: |  1  2  3 |
---------------+----------+-----
Fighting       | 2 3 4 |  4.0
Poison Magic   | 1 |  1.6
Dodging        | |  2.6
Unarmed Combat | |  4.0
Spellcasting   | |  3.0
Transmutations | |  2.6

Action                   || total
-------------------------++-------
Melee: Unarmed           ||   123
       Bite              ||     5
       Punch             ||     2
       Headbutt          ||     2
       Kick              ||     3
 Cast: Beastly Appendage ||     6
       Spider Form       ||     1
  Eat: Chunk             ||     5
Armor: Robe              ||     8
Dodge: Dodged            ||    77

Table legend:
 A = Spawn XP
 B = Non-spawn XP
 C = Spawn XP percentage of total XP
 D = Spawn monster count
 E = Non-spawn monster count
 F = Spawn count percentage of total count
 G = Total turns spent on level
                    A         B        C        D         E        F      G
               +---------+---------+-------+---------+---------+-------+---------
         Total |      34 |      28 |  54.8 |       9 |      14 |  39.1 |  2274
               +---------+---------+-------+---------+---------+-------+---------
           D:1 |      14 |      18 |  43.8 |       5 |      10 |  33.3 |  1206
           D:2 |      20 |      10 |  66.7 |       4 |       4 |  50.0 |  1068
               +---------+---------+-------+---------+---------+-------+---------
